 Dungeon Crawl Stone Soup version 0.21.1-1-g345015f (webtiles) character file.

32 letownia2 the Poker (level 3, 0/27 HPs)
             Began as a Merfolk Skald on Mar 12, 2018.
             Succumbed to an adder's poison
             ... on level 2 of the Dungeon.
             The game lasted 00:02:01 (407 turns).

letownia2 the Poker (Merfolk Skald)                  Turns: 407, Time: 00:02:02

Health: 0/27       AC:  3    Str: 13    XL:     3   Next: 27%
Magic:  4/6        EV: 18    Int: 13    God:
Gold:   34         SH:  0    Dex: 20    Spells: 3/6 levels left

rFire    . . .     SeeInvis .   a - +0 spear
rCold    . . .     Gourm    .   (no shield)
rNeg     . . .     Faith    .   b - +0 leather armour
rPois    .         Spirit   .   (no helmet)
rElec    .         Reflect  .   (no cloak)
rCorr    .         Harm     .   (no gloves)
MR       .....                  (no boots)
Stlth    +++.......             (no amulet)
HPRegen  0.09/turn              (no ring)
MPRegen  0.10/turn              (no ring)

@: agile, lethally poisoned (0 -> -1), flying
A: change form in water, swift swim, stealthy swim, agile 1, strong 1
a: no special abilities


You were on level 2 of the Dungeon.
You were not hungry.

You visited 1 branch of the dungeon, and saw 2 of its levels.

You collected 34 gold pieces.

Inventory:

Hand Weapons
 a - a +0 spear (weapon)
Armour
 b - a +0 leather armour (worn)
 j - a +0 ring mail
Scrolls
 e - a scroll of enchant weapon {unknown}
 g - 2 scrolls of blinking {unknown}
 i - a scroll of fear {unknown}
 l - a scroll of teleportation {unknown}
Books
 c - a book of Battle

   Spells                             Type                      Level
   a - Infusion                       Charms                       1
   b - Shroud of Golubria             Charms/Translocation         2
   c - Song of Slaying                Charms                       2
   d - Spectral Weapon                Hexes/Charms                 3
   e - Regeneration                   Charms/Necromancy            3
Comestibles
 d - 5 rations


   Skills:
 - Level 2.1 Fighting
 - Level 4.1 Polearms
 - Level 0.6 Armour
 - Level 2.6 Dodging
 - Level 2.0 Spellcasting
 + Level 3.7 Charms
 - Level 1.1 Translocations


You had 3 spell levels left.
You knew the following spells:

 Your Spells              Type           Power        Failure   Level  Hunger
a - Infusion              Chrm           ##..         7%          1    ##.....
t - Shroud of Golubria    Chrm/Tloc      #.........   19%         2    ###....


Dungeon Overview and Level Annotations

Branches:
Dungeon (2/15)

Altars:


Innate Abilities, Weirdness & Mutations

You revert to your normal form in water.
You are very nimble and swift while swimming.
You are very stealthy in the water. (Stealth+)
You are agile. (Dex +2)
Your muscles are strong. (Str +2)


Message History

Press: ? - help, Dir - move target cursor, f - rat
Aim: a rat You closely miss the rat.
Your shroud begins to fray at the edges.
* * * LOW HITPOINT WARNING * * *
You feel sick. The rat misses you.
Unknown command.
Attack whom?
Press: ? - help, Dir - move target cursor, f/p - rat
Aim: a rat You hit the rat.
You kill the rat!
Unknown command.
* * * LOW HITPOINT WARNING * * *
You feel sick.
Your shroud unravels.
* * * LOW HITPOINT WARNING * * *
You feel sick.
Found 11 gold pieces.
You die...

#.# ### #.##
#.. #.#w###.#
#.###.##.# ..
#.#
##.#.###....
#.# ##......#
## #.#.##### .
#.##.#####....
#.#
#..@$......
#.#
#######.... ##
# ###


There were no monsters in sight!

Vanquished Creatures
  An adder (D:2)
  A dart slug (D:1)
  A giant cockroach (D:1)
  3 goblins (D:1)
  4 hobgoblins (D:1)
  A kobold (D:1)
  14 rats
25 creatures vanquished.

Notes
Turn   | Place    | Note
-------+----------+-------------------------------------------
     0 | D:1      | letownia2 the Merfolk Skald began the quest for the Orb.
     0 | D:1      | Reached XP level 1. HP: 16/16 MP: 3/3
    45 | D:1      | Reached skill level 4 in Polearms
    45 | D:1      | Reached XP level 2. HP: 19/22 MP: 1/5
    82 | D:1      | Learned a level 2 spell: Shroud of Golubria
   324 | D:1      | Reached skill level 1 in Translocations
   389 | D:2      | Reached XP level 3. HP: 5/27 MP: 2/6
   391 | D:2      | Gained mutation: You are agile. (Dex +2) [potion of mutation]
   391 | D:2      | Gained mutation: Your muscles are strong. (Str +2) [potion of mutation]
   403 | D:2      | HP: 1/27 [poisoned by an adder]
   407 | D:2      | Succumbed to an adder's poison

Skill      XL: |  1  2 |
---------------+-------+-----
Polearms       | 4 |  4.1
Translocations | 1 |  1.1
Fighting       | |  2.1
Armour         | |  0.6
Dodging        | |  2.6
Spellcasting   | |  2.0
Charms         | |  3.7

Action                   || total
-------------------------++-------
Melee: Spear             ||    76
 Cast: Infusion          ||     4
       Shroud of Golubri ||     2
  Use: Potion            ||     3
Armor: Leather armour    ||     9
Dodge: Dodged            ||    27
